 Dungeon Crawl Stone Soup version 0.29.1-12-g30fa7ad0bf (webtiles) character file.

Game seed: 15269830895645962425

58 wormed the Sneak (level 4, -8/27 HPs)
             Began as a Kobold Brigand on Dec 25, 2022.
             Killed from afar by a white imp (11 damage)
             ... with a puff of frost
             ... on level 3 of the Dungeon.
             The game lasted 00:02:35 (1937 turns).

wormed the Sneak (Kobold Brigand)                   Turns: 1937, Time: 00:02:36

Health: -8/27      AC:  3    Str:  8    XL:     4   Next: 20%
Magic:  4/4        EV: 15    Int: 12    God:
Gold:   98         SH:  0    Dex: 18    Spells: 3/3 levels left

rFire   . . .      SeeInvis .   a - +2 dagger
rCold   . . .      Faith    .   (no shield)
rNeg    . . .      Spirit   .   b - +0 robe
rPois   .          Reflect  .   (no helmet)
rElec   .          Harm     .   c - +0 cloak
rCorr   .          Rampage  .   (no gloves)
Will    .....                   (no boots)
Stlth   ++++......              (no amulet)
HPRegen 0.09/turn               (no ring)
MPRegen 0.09/turn               (no ring)

@: no status effects
A: small, no large weapons, nightstalker 3
a: no special abilities


You were on level 3 of the Dungeon.
You visited 1 branch of the dungeon, and saw 3 of its levels.

You collected 98 gold pieces.

Inventory:

Hand Weapons
 a - a +2 dagger (weapon)
Missiles
 d - 15 poisoned darts (quivered)
 e - 3 curare-tipped darts
Armour
 b - a +0 robe (worn)
 c - a +0 cloak (worn)
Jewellery
 p - an amulet of guardian spirit
 t - a +6 ring of intelligence
Wands
 u - a wand of quicksilver (12)
Scrolls
 f - a scroll of fear {unknown}
 g - a scroll of enchant armour {unknown}
 i - 2 scrolls of identify {unknown}
 j - 2 scrolls of teleportation {unknown}
 m - a scroll of amnesia {unknown}
 n - a scroll of silence {unknown}
 o - a scroll of blinking {unknown}
 s - a scroll of enchant weapon {unknown}
Potions
 h - a potion of curing {unknown}
 k - a potion of haste {unknown}
 l - a potion of lignification {unknown}
 q - a potion of attraction {unknown}
 r - a potion of heal wounds {unknown}
 v - a potion of mutation {unknown}


   Skills:
 + Level 2.8 Fighting
 * Level 4.0 Short Blades
 - Level 2.1 Throwing
 + Level 2.2 Dodging
 + Level 5.7 Stealth


You had 3 spell levels left.
You didn't know any spells.
Your spell library contained the following spells:

 Spells                   Type           Power      Damage    Failure   Level
 Blink                    Tloc           0%         N/A       45%         2
 Lesser Beckoning         Tloc           0%         N/A       69%         3
 Manifold Assault         Tloc           0%         N/A       100%        5


Dungeon Overview and Level Annotations

Branches:
Dungeon (3/15)

Altars:

Shops:
D:1 ?


Innate Abilities, Weirdness & Mutations

You are small and have problems with some larger weapons.
You are completely attuned to the shadows.


Message History

You hit the white imp.
The white imp is moderately wounded.
You hit the white imp but do no damage.
The white imp is moderately wounded.
The white imp gestures at you. The puff of frost hits you.
You hit the white imp but do no damage.
The white imp is moderately wounded.
The white imp hits you. The white imp freezes you.
You hit the white imp but do no damage.
The white imp is moderately wounded.
The white imp hits you but does no damage.
You closely miss the white imp.
The white imp is moderately wounded.
The white imp barely misses you.
You hit the white imp but do no damage.
The white imp is moderately wounded.
You hit the white imp but do no damage.
The white imp is moderately wounded.
The white imp gestures at you. The puff of frost misses you.
You closely miss the white imp.
You punch the white imp, but do no damage.
The white imp is lightly wounded.
The white imp hits you. The white imp freezes you.
You closely miss the white imp.
The white imp is lightly wounded.
The white imp gestures at you. The puff of frost hits you!
* * * LOW HITPOINT WARNING * * *
You hit the white imp but do no damage.
The white imp is lightly wounded.
The white imp hits you but does no damage.
You hit the white imp.
The white imp is moderately wounded.
You hit the white imp but do no damage.
The white imp is moderately wounded.
The white imp gestures at you. The puff of frost hits you!
You die...

#.# #.# ######.##
........#
#..5@...#
#...[...########.#
...............#.#
#.......######.#.#
#.....?.# #.#.#
....... ###.#.####
#### ...........
##......###
#.........


You could see a white imp.

Vanquished Creatures
  3 adders
  A dart slug (D:3)
  4 endoplasms
  2 giant cockroaches (D:2)
  4 hobgoblins
  2 quokkas
  3 ball pythons (D:3)
  2 bats (D:2)
  A frilled lizard (D:1)
  2 goblins
  2 kobolds (D:2)
  3 rats
29 creatures vanquished.

Notes
Turn   | Place    | Note
-------+----------+-------------------------------------------
     0 | D:1      | wormed the Kobold Brigand began the quest for the Orb.
     0 | D:1      | Reached XP level 1. HP: 12/12 MP: 1/1
    25 | D:1      | Found Egresuf's Magic Scroll Shoppe.
   343 | D:1      | Found a faded altar of an unknown god.
   604 | D:1      | Reached XP level 2. HP: 18/18 MP: 2/2
  1305 | D:2      | Reached XP level 3. HP: 15/22 MP: 3/3
  1801 | D:3      | Reached XP level 4. HP: 27/27 MP: 4/4
  1937 | D:3      | Killed from afar by a white imp

Illustrated notes

Levels and vault maps discovered:
D:1:      minmay_arrival_shattered_statue, layout_loops_ring,
          basic_ecumenical_altar, serial_shops, nicolae_shop_advertising_works
          [nicolae_subvault_shop_adworks], minmay_misc_feat_alley
D:2:      layout_rooms
D:3:      layout_loops_ring, serial_aquarium, aquarium_bridge_square
          [aquarium_subvault_wall, aquarium_subvault_bridge,
          aquarium_subvault_window, aquarium_subvault_wall],
          aquarium_window_fake, aquarium_window_corner, aquarium_view_2f,
          aquarium_view_2d

Skill      XL: |  1  2  3 |
---------------+----------+-----
Short Blades   | 3 4 |  4.0
Dodging        | 2 |  2.2
Fighting       | |  2.8
Throwing       | |  2.1
Stealth        | |  5.7

Action                   |  1- 3 |  4- 6 || total
-------------------------+-------+-------++-------
Melee: Dagger            |    69 |    16 ||    85
       Punch             |       |     1 ||     1
 Stab: Sleeping          |    14 |     2 ||    16
Armor: Robe              |    10 |     3 ||    13
Dodge: Dodged            |    30 |     4 ||    34
